 Dungeon Crawl Stone Soup version 0.29-a0-40-g8eb35efe60 (webtiles) character file.

Game seed: 14308023560388568184

129 funkygono the Firebug (level 5, -1/42 HPs)
             Began as a Gargoyle Fire Elementalist on Feb 1, 2022.
             Slain by a hound (3 damage)
             ... on level 4 of the Dungeon.
             The game lasted 00:04:59 (3255 turns).

funkygono the Firebug (Gargoyle Fire Elementalist)  Turns: 3255, Time: 00:04:59

Health: -1/42      AC: 22    Str: 11    XL:     5   Next: 12%
Magic:  1/10       EV:  2    Int: 18    God:
Gold:   79         SH:  0    Dex: 10    Spells: 5/11 levels left

rFire   . . .      SeeInvis .   i - +0 mace
rCold   . . .      Faith    .   (no shield)
rNeg    + . .      Spirit   .   (armour currently unavailable)
rPois   ∞          Reflect  .   (helmet currently unavailable)
rElec   .          Harm     .   (cloak currently unavailable)
rCorr   .          Rampage  .   (gloves currently unavailable)
Will    .....      NoTele   +   (boots currently unavailable)
Stlth   ++........              (no amulet)
HPRegen 0.14/turn               (no ring)
MPRegen 0.12/turn               (no ring)

@: tree-form
A: stationary, stasis, torment immunity, boosted hp, sickness immunity, AC +4,
negative energy resistance 1, (electricity resistance), torment resistance 1,
petrification resistance
a: no special abilities


You were on level 4 of the Dungeon.
You were a tree.
You visited 1 branch of the dungeon, and saw 4 of its levels.

You collected 79 gold pieces.

Inventory:

Hand Weapons
 i - a +0 mace (weapon)
 k - a +0 whip
Missiles
 c - 94 stones
Armour
 a - a +0 robe (melded)
Scrolls
 d - a scroll of teleportation {unknown}
 e - 2 scrolls of identify {unknown}
 f - a scroll of vulnerability {unknown}
 g - 2 scrolls of fear {unknown}
 h - a scroll of magic mapping {unknown}
Potions
 j - a potion of resistance {unknown}
 l - a potion of lignification
 m - 2 potions of curing {unknown}
 n - a potion of berserk rage {unknown}
 o - a potion of brilliance {unknown}


   Skills:
 + Level 0.1 Fighting
 + Level 0.1 Maces & Flails
 + Level 1.7 Dodging
 - Level 2.1 Stealth
 * Level 3.5 Spellcasting
 * Level 1.6 Conjurations
 * Level 4.2 Fire Magic


You had 5 spell levels left.
You knew the following spells:

 Your Spells              Type           Power      Damage    Failure   Level
a - Foxfire               Conj/Fire      52%        2x1d6     4%          1
b - Scorch                Fire           36%        2d7       4%          2
c - Conjure Flame         Conj/Fire      13%        6-21      14%         3

Your spell library contained the following spells:

 Spells                   Type           Power      Damage    Failure   Level
 Inner Flame              Hex/Fire       10%        N/A       19%         3
 Flame Wave               Conj/Fire      13%        2d6       41%         4


Dungeon Overview and Level Annotations

Branches:
Dungeon (4/15)
 Temple: D:4-7

Altars:
Xom

Shops:
D:2 ?


Innate Abilities, Weirdness & Mutations

You are a tree.
Your roots penetrate the ground, keeping you stationary.
You cannot be teleported.
You are immune to unholy pain and torment.
Your maximum health is greatly increased.
Your equipment is partially melded.
You are immune to sickness and miasma.
((Your stone body is resilient. (AC +4)))
You are immune to poison.
You resist negative energy. (rN+)
((You are resistant to electric shocks. (rElec)))
You are resistant to unholy torment.
You are immune to petrification.


Message History

The hound barely misses you.
Casting: Foxfire (safe; 4% risk of failure)
Confirm with . or Enter, or press ? or * to list all spells.
Flames lash the gnoll.
The gnoll is heavily wounded.
The gnoll's fire resistance burns away.
The goblin shouts!
The hound completely misses you.
The gnoll hits you from afar with a +0 halberd!
* * * LOW HITPOINT WARNING * * *
The hound closely misses you. The goblin barely misses you.
The gnoll is no longer more vulnerable to fire.
The hound closely misses you.
As you read the scroll labelled TYFAEQ ROSUK, it crumbles to dust.
Your body is wracked with pain!
* * * LOW HITPOINT WARNING * * *
The goblin convulses!
The hound convulses!
The gnoll convulses!
It was a scroll of torment.
The hound bites you but does no damage. The goblin hits you but does no damage.
The gnoll closely misses you. The hound barely misses you.
Casting: Scorch (safe; 4% risk of failure)
Confirm with . or Enter, or press ? or * to list all spells.
You conjure some foxfire!
The hound bites you.
* * * LOW HITPOINT WARNING * * *
The goblin hits you with a +0 club.
* * * LOW HITPOINT WARNING * * *
The gnoll closely misses you.
The foxfire hits the goblin.
You kill the goblin!
The foxfire hits the hound but does no damage.
The hound is severely wounded.
The hound misses you.
Casting: Foxfire (safe; 4% risk of failure)
Confirm with . or Enter, or press ? or * to list all spells.
Okay, then.
It was a potion of lignification.
You turn into a tree.
Your +0 robe melds into your body.
Your roots penetrate the ground.
The hound bites you.
You die...

#.....#####...### .h.##
#........#....#.##### #...###
#................##.###.....#
..^^^........)............#
..^_.....#.####.........#.#
..^^^....### #...####.## #
......##..§# ##)g## ###
.....##....# #§.h.#
......#...## #§§♣.#
#.......### ##..## ##.#...##
#### #######


You could see a hound and a gnoll.

Vanquished Creatures
  An adder (D:2)
  3 gnolls (D:3)
  A shadow imp (D:3)
  3 dart slugs
  4 orcs (D:3)
  4 ball pythons
  8 bats
  2 endoplasms
  13 giant cockroaches
  6 goblins
  6 hobgoblins
  6 kobolds
  4 quokkas
  5 frilled lizards
  A rat (D:3)
67 creatures vanquished.

Vanquished Creatures (others)
  167 foxfires
  4 toadstools (D:1)
171 creatures vanquished.

Grand Total: 238 creatures vanquished

Notes
Turn   | Place    | Note
-------+----------+-------------------------------------------
     0 | D:1      | funkygono the Gargoyle Fire Elementalist began the quest
                  | for the Orb.
     0 | D:1      | Reached XP level 1. HP: 10/10 MP: 3/3
   288 | D:1      | Found a faded altar of an unknown god.
   378 | D:1      | Reached XP level 2. HP: 15/15 MP: 3/5
   381 | D:1      | Learned a level 2 spell: Scorch
  1157 | D:1      | Reached XP level 3. HP: 19/19 MP: 1/6
  1161 | D:1      | Learned a level 3 spell: Conjure Flame
  2083 | D:2      | Found Egosid's Magic Scroll Boutique.
  2247 | D:3      | Reached skill level 4 in Fire Magic
  2247 | D:3      | Reached XP level 4. HP: 24/24 MP: 2/8
  2749 | D:3      | Reached XP level 5. HP: 25/28 MP: 6/10
  3138 | D:4      | Found a shimmering altar of Xom.
  3253 | D:4      | HP: 1/28 [goblin (1)]
  3255 | D:4      | Slain by a hound

Illustrated notes

Levels and vault maps discovered:
D:1:      ldierk_walled_garden_2, layout_loops_cross, basic_ecumenical_altar,
          grunt_decor_one_mirror
D:2:      layout_basic, serial_shops, shop_fountains, kennysheep_generic_room_12
D:3:      minmay_roachtagon, layout_rooms, minmay_misc_feat_square
D:4:      layout_cave_pools, xom_teletrap_fun, lemuel_round_altar

Skill      XL: |  1  2  3  4 |
---------------+-------------+-----
Fire Magic     | 4 |  4.2
Spellcasting   | 3 |  3.5
Fighting       | |  0.1
Maces & Flails | |  0.1
Dodging        | |  1.7
Stealth        | |  2.1
Conjurations   | |  1.6

Action                   |  1- 3 |  4- 6 || total
-------------------------+-------+-------++-------
Melee: Mace              |     9 |    22 ||    31
       Punch             |       |     1 ||     1
 Cast: Foxfire           |    51 |    52 ||   103
       Scorch            |    12 |     4 ||    16
  Use: Scroll            |       |     1 ||     1
       Potion            |       |     1 ||     1
Armor: Robe              |    14 |    33 ||    47
Dodge: Dodged            |    17 |    48 ||    65

Table legend: (Time is in decaauts)
 A = Elapsed time spent in this place.
 B = Non-inter-level travel time spent in this place.
 C = Inter-level travel time spent in this place.
 D = Time resting spent in this place.
 E = Time spent auto-exploring this place.
 F = Levels seen in this place.
 G = Mean time per level.
                   A        B        C        D        E       F      G
               +--------+--------+--------+--------+--------+-----+--------+
         Total |   3267 |   3199 |     68 |    316 |   2346 |   4 |  816.8 |
       Dungeon |   3267 |   3199 |     68 |    316 |   2346 |   4 |  816.8 |
               +--------+--------+--------+--------+--------+-----+--------+

Top non-repeatable levels by time:
     D:1: 1258 daAuts
     D:2: 1005 daAuts
     D:3: 886 daAuts
     D:4: 116 daAuts
